%YAML 1.1
%TAG !u! tag:unity3d.com,2011:
--- !u!1 &983262957
GameObject:
  m_ObjectHideFlags: 0
  m_CorrespondingSourceObject: {fileID: 0}
  m_PrefabInstance: {fileID: 0}
  m_PrefabAsset: {fileID: 0}
  serializedVersion: 6
  m_Component:
  - component: {fileID: 983262958}
  m_Layer: 0
  m_Name: NoteSpawn
  m_TagString: Untagged
  m_Icon: {fileID: 0}
  m_NavMeshLayer: 0
  m_StaticEditorFlags: 0
  m_IsActive: 1
--- !u!4 &983262958
Transform:
  m_ObjectHideFlags: 0
  m_CorrespondingSourceObject: {fileID: 0}
  m_PrefabInstance: {fileID: 0}
  m_PrefabAsset: {fileID: 0}
  m_GameObject: {fileID: 983262957}
  serializedVersion: 2
  m_LocalRotation: {x: 0, y: 0, z: 0, w: 1}
  m_LocalPosition: {x: -5.25, y: 1.01, z: -3.708}
  m_LocalScale: {x: 1, y: 1, z: 1}
  m_ConstrainProportionsScale: 0
  m_Children: []
  m_Father: {fileID: 6802272316810922073}
  m_LocalEulerAnglesHint: {x: 0, y: 0, z: 0}
--- !u!1 &1106377637
GameObject:
  m_ObjectHideFlags: 0
  m_CorrespondingSourceObject: {fileID: 0}
  m_PrefabInstance: {fileID: 0}
  m_PrefabAsset: {fileID: 0}
  serializedVersion: 6
  m_Component:
  - component: {fileID: 1106377638}
  m_Layer: 0
  m_Name: MedKitSpawn
  m_TagString: Untagged
  m_Icon: {fileID: 0}
  m_NavMeshLayer: 0
  m_StaticEditorFlags: 0
  m_IsActive: 1
--- !u!4 &1106377638
Transform:
  m_ObjectHideFlags: 0
  m_CorrespondingSourceObject: {fileID: 0}
  m_PrefabInstance: {fileID: 0}
  m_PrefabAsset: {fileID: 0}
  m_GameObject: {fileID: 1106377637}
  serializedVersion: 2
  m_LocalRotation: {x: 0, y: 0, z: 0, w: 1}
  m_LocalPosition: {x: -2.314, y: 0.757, z: -0.572}
  m_LocalScale: {x: 1, y: 1, z: 1}
  m_ConstrainProportionsScale: 0
  m_Children: []
  m_Father: {fileID: 6802272316810922073}
  m_LocalEulerAnglesHint: {x: 0, y: 0, z: 0}
--- !u!1 &711013064060310554
GameObject:
  m_ObjectHideFlags: 0
  m_CorrespondingSourceObject: {fileID: 0}
  m_PrefabInstance: {fileID: 0}
  m_PrefabAsset: {fileID: 0}
  serializedVersion: 6
  m_Component:
  - component: {fileID: 8297357691885021066}
  m_Layer: 0
  m_Name: Probes
  m_TagString: Untagged
  m_Icon: {fileID: 0}
  m_NavMeshLayer: 0
  m_StaticEditorFlags: 0
  m_IsActive: 0
--- !u!4 &8297357691885021066
Transform:
  m_ObjectHideFlags: 0
  m_CorrespondingSourceObject: {fileID: 0}
  m_PrefabInstance: {fileID: 0}
  m_PrefabAsset: {fileID: 0}
  m_GameObject: {fileID: 711013064060310554}
  serializedVersion: 2
  m_LocalRotation: {x: 0, y: 0, z: 0, w: 1}
  m_LocalPosition: {x: 0, y: 0, z: 0}
  m_LocalScale: {x: 1, y: 1, z: 1}
  m_ConstrainProportionsScale: 0
  m_Children:
  - {fileID: 5459837047383933880}
  - {fileID: 8802833284145077183}
  - {fileID: 9139440182362287015}
  m_Father: {fileID: 6802272316810922073}
  m_LocalEulerAnglesHint: {x: 0, y: 0, z: 0}
--- !u!1 &910607766186573977
GameObject:
  m_ObjectHideFlags: 0
  m_CorrespondingSourceObject: {fileID: 0}
  m_PrefabInstance: {fileID: 0}
  m_PrefabAsset: {fileID: 0}
  serializedVersion: 6
  m_Component:
  - component: {fileID: 5459837047383933880}
  - component: {fileID: 7595136545958103631}
  - component: {fileID: 173981169850047829}
  m_Layer: 0
  m_Name: Reflection Probe
  m_TagString: Untagged
  m_Icon: {fileID: 0}
  m_NavMeshLayer: 0
  m_StaticEditorFlags: 0
  m_IsActive: 1
--- !u!4 &5459837047383933880
Transform:
  m_ObjectHideFlags: 0
  m_CorrespondingSourceObject: {fileID: 0}
  m_PrefabInstance: {fileID: 0}
  m_PrefabAsset: {fileID: 0}
  m_GameObject: {fileID: 910607766186573977}
  serializedVersion: 2
  m_LocalRotation: {x: -0, y: -0, z: -0, w: 1}
  m_LocalPosition: {x: 0, y: 0.791502, z: 0}
  m_LocalScale: {x: 1, y: 1, z: 1}
  m_ConstrainProportionsScale: 0
  m_Children: []
  m_Father: {fileID: 8297357691885021066}
  m_LocalEulerAnglesHint: {x: 0, y: 0, z: 0}
--- !u!215 &7595136545958103631
ReflectionProbe:
  m_ObjectHideFlags: 0
  m_CorrespondingSourceObject: {fileID: 0}
  m_PrefabInstance: {fileID: 0}
  m_PrefabAsset: {fileID: 0}
  m_GameObject: {fileID: 910607766186573977}
  m_Enabled: 1
  serializedVersion: 2
  m_Type: 0
  m_Mode: 1
  m_RefreshMode: 2
  m_TimeSlicingMode: 1
  m_Resolution: 64
  m_UpdateFrequency: 0
  m_BoxSize: {x: 5.1468964, y: 2.9598534, z: 15.013737}
  m_BoxOffset: {x: 1.0900145, y: 0.65232503, z: -0.012219429}
  m_NearClip: 0.3
  m_FarClip: 30
  m_ShadowDistance: 0
  m_ClearFlags: 1
  m_BackGroundColor: {r: 0, g: 0, b: 0, a: 0}
  m_CullingMask:
    serializedVersion: 2
    m_Bits: 16495927
  m_IntensityMultiplier: 1
  m_BlendDistance: 0.1
  m_HDR: 1
  m_BoxProjection: 1
  m_RenderDynamicObjects: 0
  m_UseOcclusionCulling: 1
  m_Importance: 1
  m_CustomBakedTexture: {fileID: 0}
--- !u!114 &173981169850047829
MonoBehaviour:
  m_ObjectHideFlags: 0
  m_CorrespondingSourceObject: {fileID: 0}
  m_PrefabInstance: {fileID: 0}
  m_PrefabAsset: {fileID: 0}
  m_GameObject: {fileID: 910607766186573977}
  m_Enabled: 1
  m_EditorHideFlags: 0
  m_Script: {fileID: 11500000, guid: ecff7081915771c499a1aebc0ba57a2f, type: 3}
  m_Name: 
  m_EditorClassIdentifier: 
  angle: -2
--- !u!1 &1712900421439028052
GameObject:
  m_ObjectHideFlags: 0
  m_CorrespondingSourceObject: {fileID: 0}
  m_PrefabInstance: {fileID: 0}
  m_PrefabAsset: {fileID: 0}
  serializedVersion: 6
  m_Component:
  - component: {fileID: 8802833284145077183}
  - component: {fileID: 4216540245906903772}
  - component: {fileID: 5145026677223480304}
  m_Layer: 0
  m_Name: Reflection Probe (1)
  m_TagString: Untagged
  m_Icon: {fileID: 0}
  m_NavMeshLayer: 0
  m_StaticEditorFlags: 0
  m_IsActive: 1
--- !u!4 &8802833284145077183
Transform:
  m_ObjectHideFlags: 0
  m_CorrespondingSourceObject: {fileID: 0}
  m_PrefabInstance: {fileID: 0}
  m_PrefabAsset: {fileID: 0}
  m_GameObject: {fileID: 1712900421439028052}
  serializedVersion: 2
  m_LocalRotation: {x: -0, y: -0, z: -0, w: 1}
  m_LocalPosition: {x: -3.44, y: 0.791502, z: -4.14}
  m_LocalScale: {x: 1, y: 1, z: 1}
  m_ConstrainProportionsScale: 0
  m_Children: []
  m_Father: {fileID: 8297357691885021066}
  m_LocalEulerAnglesHint: {x: 0, y: 0, z: 0}
--- !u!215 &4216540245906903772
ReflectionProbe:
  m_ObjectHideFlags: 0
  m_CorrespondingSourceObject: {fileID: 0}
  m_PrefabInstance: {fileID: 0}
  m_PrefabAsset: {fileID: 0}
  m_GameObject: {fileID: 1712900421439028052}
  m_Enabled: 1
  serializedVersion: 2
  m_Type: 0
  m_Mode: 1
  m_RefreshMode: 2
  m_TimeSlicingMode: 1
  m_Resolution: 32
  m_UpdateFrequency: 0
  m_BoxSize: {x: 5.357643, y: 2.9420016, z: 7.5575366}
  m_BoxOffset: {x: -0.96793413, y: 0.6185895, z: 0.42004323}
  m_NearClip: 0.3
  m_FarClip: 30
  m_ShadowDistance: 0
  m_ClearFlags: 1
  m_BackGroundColor: {r: 0, g: 0, b: 0, a: 0}
  m_CullingMask:
    serializedVersion: 2
    m_Bits: 16495927
  m_IntensityMultiplier: 1
  m_BlendDistance: 0.1
  m_HDR: 1
  m_BoxProjection: 1
  m_RenderDynamicObjects: 0
  m_UseOcclusionCulling: 1
  m_Importance: 1
  m_CustomBakedTexture: {fileID: 0}
--- !u!114 &5145026677223480304
MonoBehaviour:
  m_ObjectHideFlags: 0
  m_CorrespondingSourceObject: {fileID: 0}
  m_PrefabInstance: {fileID: 0}
  m_PrefabAsset: {fileID: 0}
  m_GameObject: {fileID: 1712900421439028052}
  m_Enabled: 1
  m_EditorHideFlags: 0
  m_Script: {fileID: 11500000, guid: ecff7081915771c499a1aebc0ba57a2f, type: 3}
  m_Name: 
  m_EditorClassIdentifier: 
  angle: -2
--- !u!1 &4380843528242988638
GameObject:
  m_ObjectHideFlags: 0
  m_CorrespondingSourceObject: {fileID: 0}
  m_PrefabInstance: {fileID: 0}
  m_PrefabAsset: {fileID: 0}
  serializedVersion: 6
  m_Component:
  - component: {fileID: 9139440182362287015}
  - component: {fileID: 2883806900042131632}
  - component: {fileID: 7336954053486930008}
  m_Layer: 0
  m_Name: Reflection Probe (2)
  m_TagString: Untagged
  m_Icon: {fileID: 0}
  m_NavMeshLayer: 0
  m_StaticEditorFlags: 0
  m_IsActive: 1
--- !u!4 &9139440182362287015
Transform:
  m_ObjectHideFlags: 0
  m_CorrespondingSourceObject: {fileID: 0}
  m_PrefabInstance: {fileID: 0}
  m_PrefabAsset: {fileID: 0}
  m_GameObject: {fileID: 4380843528242988638}
  serializedVersion: 2
  m_LocalRotation: {x: -0, y: -0, z: -0, w: 1}
  m_LocalPosition: {x: -3.44, y: 0.791502, z: 3.63}
  m_LocalScale: {x: 1, y: 1, z: 1}
  m_ConstrainProportionsScale: 0
  m_Children: []
  m_Father: {fileID: 8297357691885021066}
  m_LocalEulerAnglesHint: {x: 0, y: 0, z: 0}
--- !u!215 &2883806900042131632
ReflectionProbe:
  m_ObjectHideFlags: 0
  m_CorrespondingSourceObject: {fileID: 0}
  m_PrefabInstance: {fileID: 0}
  m_PrefabAsset: {fileID: 0}
  m_GameObject: {fileID: 4380843528242988638}
  m_Enabled: 1
  serializedVersion: 2
  m_Type: 0
  m_Mode: 1
  m_RefreshMode: 2
  m_TimeSlicingMode: 1
  m_Resolution: 32
  m_UpdateFrequency: 0
  m_BoxSize: {x: 5.307115, y: 2.9060934, z: 7.3304768}
  m_BoxOffset: {x: -1.0087483, y: 0.63833034, z: 0.17059469}
  m_NearClip: 0.3
  m_FarClip: 30
  m_ShadowDistance: 0
  m_ClearFlags: 1
  m_BackGroundColor: {r: 0, g: 0, b: 0, a: 0}
  m_CullingMask:
    serializedVersion: 2
    m_Bits: 16495927
  m_IntensityMultiplier: 1
  m_BlendDistance: 0.1
  m_HDR: 1
  m_BoxProjection: 1
  m_RenderDynamicObjects: 0
  m_UseOcclusionCulling: 1
  m_Importance: 1
  m_CustomBakedTexture: {fileID: 0}
--- !u!114 &7336954053486930008
MonoBehaviour:
  m_ObjectHideFlags: 0
  m_CorrespondingSourceObject: {fileID: 0}
  m_PrefabInstance: {fileID: 0}
  m_PrefabAsset: {fileID: 0}
  m_GameObject: {fileID: 4380843528242988638}
  m_Enabled: 1
  m_EditorHideFlags: 0
  m_Script: {fileID: 11500000, guid: ecff7081915771c499a1aebc0ba57a2f, type: 3}
  m_Name: 
  m_EditorClassIdentifier: 
  angle: -2
--- !u!1 &6802272315635021447
GameObject:
  m_ObjectHideFlags: 0
  m_CorrespondingSourceObject: {fileID: 0}
  m_PrefabInstance: {fileID: 0}
  m_PrefabAsset: {fileID: 0}
  serializedVersion: 6
  m_Component:
  - component: {fileID: 6802272315635021445}
  - component: {fileID: 6802272315635021446}
  m_Layer: 0
  m_Name: Point Light
  m_TagString: Untagged
  m_Icon: {fileID: 0}
  m_NavMeshLayer: 0
  m_StaticEditorFlags: 0
  m_IsActive: 1
--- !u!4 &6802272315635021445
Transform:
  m_ObjectHideFlags: 0
  m_CorrespondingSourceObject: {fileID: 0}
  m_PrefabInstance: {fileID: 0}
  m_PrefabAsset: {fileID: 0}
  m_GameObject: {fileID: 6802272315635021447}
  serializedVersion: 2
  m_LocalRotation: {x: -0, y: -0, z: -0, w: 1}
  m_LocalPosition: {x: 0.047000002, y: 3.5180001, z: 7.728}
  m_LocalScale: {x: 1, y: 1, z: 1}
  m_ConstrainProportionsScale: 0
  m_Children: []
  m_Father: {fileID: 3541284376741799985}
  m_LocalEulerAnglesHint: {x: 0, y: 0, z: 0}
--- !u!108 &6802272315635021446
Light:
  m_ObjectHideFlags: 0
  m_CorrespondingSourceObject: {fileID: 0}
  m_PrefabInstance: {fileID: 0}
  m_PrefabAsset: {fileID: 0}
  m_GameObject: {fileID: 6802272315635021447}
  m_Enabled: 1
  serializedVersion: 10
  m_Type: 2
  m_Shape: 0
  m_Color: {r: 1, g: 1, b: 1, a: 1}
  m_Intensity: 0.7
  m_Range: 8.1932335
  m_SpotAngle: 30
  m_InnerSpotAngle: 21.80208
  m_CookieSize: 10
  m_Shadows:
    m_Type: 0
    m_Resolution: -1
    m_CustomResolution: -1
    m_Strength: 1
    m_Bias: 0.05
    m_NormalBias: 0.4
    m_NearPlane: 0.2
    m_CullingMatrixOverride:
      e00: 1
      e01: 0
      e02: 0
      e03: 0
      e10: 0
      e11: 1
      e12: 0
      e13: 0
      e20: 0
      e21: 0
      e22: 1
      e23: 0
      e30: 0
      e31: 0
      e32: 0
      e33: 1
    m_UseCullingMatrixOverride: 0
  m_Cookie: {fileID: 0}
  m_DrawHalo: 0
  m_Flare: {fileID: 12100000, guid: 055403e8b723c494a9d89d3e0a8d5da7, type: 2}
  m_RenderMode: 2
  m_CullingMask:
    serializedVersion: 2
    m_Bits: 4294967295
  m_RenderingLayerMask: 1
  m_Lightmapping: 1
  m_LightShadowCasterMode: 0
  m_AreaSize: {x: 1, y: 1}
  m_BounceIntensity: 1
  m_ColorTemperature: 6570
  m_UseColorTemperature: 0
  m_BoundingSphereOverride: {x: 0, y: 0, z: 0, w: 0}
  m_UseBoundingSphereOverride: 0
  m_UseViewFrustumForShadowCasterCull: 1
  m_ShadowRadius: 0
  m_ShadowAngle: 0
--- !u!1 &6802272316170356603
GameObject:
  m_ObjectHideFlags: 0
  m_CorrespondingSourceObject: {fileID: 0}
  m_PrefabInstance: {fileID: 0}
  m_PrefabAsset: {fileID: 0}
  serializedVersion: 6
  m_Component:
  - component: {fileID: 6802272316170356601}
  - component: {fileID: 6802272316170356602}
  m_Layer: 0
  m_Name: Point Light (1)
  m_TagString: Untagged
  m_Icon: {fileID: 0}
  m_NavMeshLayer: 0
  m_StaticEditorFlags: 0
  m_IsActive: 1
--- !u!4 &6802272316170356601
Transform:
  m_ObjectHideFlags: 0
  m_CorrespondingSourceObject: {fileID: 0}
  m_PrefabInstance: {fileID: 0}
  m_PrefabAsset: {fileID: 0}
  m_GameObject: {fileID: 6802272316170356603}
  serializedVersion: 2
  m_LocalRotation: {x: -0, y: -0, z: -0, w: 1}
  m_LocalPosition: {x: -7.27, y: 3.4850001, z: 5.174}
  m_LocalScale: {x: 1, y: 1, z: 1}
  m_ConstrainProportionsScale: 0
  m_Children: []
  m_Father: {fileID: 3541284376741799985}
  m_LocalEulerAnglesHint: {x: 0, y: 0, z: 0}
--- !u!108 &6802272316170356602
Light:
  m_ObjectHideFlags: 0
  m_CorrespondingSourceObject: {fileID: 0}
  m_PrefabInstance: {fileID: 0}
  m_PrefabAsset: {fileID: 0}
  m_GameObject: {fileID: 6802272316170356603}
  m_Enabled: 1
  serializedVersion: 10
  m_Type: 2
  m_Shape: 0
  m_Color: {r: 1, g: 1, b: 1, a: 1}
  m_Intensity: 1
  m_Range: 5.19493
  m_SpotAngle: 30
  m_InnerSpotAngle: 21.80208
  m_CookieSize: 10
  m_Shadows:
    m_Type: 1
    m_Resolution: -1
    m_CustomResolution: -1
    m_Strength: 0.28
    m_Bias: 0.05
    m_NormalBias: 0.4
    m_NearPlane: 0.2
    m_CullingMatrixOverride:
      e00: 1
      e01: 0
      e02: 0
      e03: 0
      e10: 0
      e11: 1
      e12: 0
      e13: 0
      e20: 0
      e21: 0
      e22: 1
      e23: 0
      e30: 0
      e31: 0
      e32: 0
      e33: 1
    m_UseCullingMatrixOverride: 0
  m_Cookie: {fileID: 0}
  m_DrawHalo: 0
  m_Flare: {fileID: 0}
  m_RenderMode: 2
  m_CullingMask:
    serializedVersion: 2
    m_Bits: 4294967295
  m_RenderingLayerMask: 1
  m_Lightmapping: 4
  m_LightShadowCasterMode: 0
  m_AreaSize: {x: 1, y: 1}
  m_BounceIntensity: 1
  m_ColorTemperature: 6570
  m_UseColorTemperature: 0
  m_BoundingSphereOverride: {x: 0, y: 0, z: 0, w: 0}
  m_UseBoundingSphereOverride: 0
  m_UseViewFrustumForShadowCasterCull: 1
  m_ShadowRadius: 0
  m_ShadowAngle: 0
--- !u!1 &6802272316480692712
GameObject:
  m_ObjectHideFlags: 0
  m_CorrespondingSourceObject: {fileID: 0}
  m_PrefabInstance: {fileID: 0}
  m_PrefabAsset: {fileID: 0}
  serializedVersion: 6
  m_Component:
  - component: {fileID: 6802272316480692710}
  - component: {fileID: 6802272316480692711}
  m_Layer: 0
  m_Name: Point Light (3)
  m_TagString: Untagged
  m_Icon: {fileID: 0}
  m_NavMeshLayer: 0
  m_StaticEditorFlags: 0
  m_IsActive: 1
--- !u!4 &6802272316480692710
Transform:
  m_ObjectHideFlags: 0
  m_CorrespondingSourceObject: {fileID: 0}
  m_PrefabInstance: {fileID: 0}
  m_PrefabAsset: {fileID: 0}
  m_GameObject: {fileID: 6802272316480692712}
  serializedVersion: 2
  m_LocalRotation: {x: -0, y: -0, z: -0, w: 1}
  m_LocalPosition: {x: 0.047000002, y: 3.47, z: -7.714}
  m_LocalScale: {x: 1, y: 1, z: 1}
  m_ConstrainProportionsScale: 0
  m_Children: []
  m_Father: {fileID: 3541284376741799985}
  m_LocalEulerAnglesHint: {x: 0, y: 0, z: 0}
--- !u!108 &6802272316480692711
Light:
  m_ObjectHideFlags: 0
  m_CorrespondingSourceObject: {fileID: 0}
  m_PrefabInstance: {fileID: 0}
  m_PrefabAsset: {fileID: 0}
  m_GameObject: {fileID: 6802272316480692712}
  m_Enabled: 1
  serializedVersion: 10
  m_Type: 2
  m_Shape: 0
  m_Color: {r: 1, g: 1, b: 1, a: 1}
  m_Intensity: 0.7
  m_Range: 5.8022733
  m_SpotAngle: 30
  m_InnerSpotAngle: 21.80208
  m_CookieSize: 10
  m_Shadows:
    m_Type: 0
    m_Resolution: -1
    m_CustomResolution: -1
    m_Strength: 1
    m_Bias: 0.05
    m_NormalBias: 0.4
    m_NearPlane: 0.2
    m_CullingMatrixOverride:
      e00: 1
      e01: 0
      e02: 0
      e03: 0
      e10: 0
      e11: 1
      e12: 0
      e13: 0
      e20: 0
      e21: 0
      e22: 1
      e23: 0
      e30: 0
      e31: 0
      e32: 0
      e33: 1
    m_UseCullingMatrixOverride: 0
  m_Cookie: {fileID: 0}
  m_DrawHalo: 0
  m_Flare: {fileID: 12100000, guid: 055403e8b723c494a9d89d3e0a8d5da7, type: 2}
  m_RenderMode: 2
  m_CullingMask:
    serializedVersion: 2
    m_Bits: 4294967295
  m_RenderingLayerMask: 1
  m_Lightmapping: 1
  m_LightShadowCasterMode: 0
  m_AreaSize: {x: 1, y: 1}
  m_BounceIntensity: 1
  m_ColorTemperature: 6570
  m_UseColorTemperature: 0
  m_BoundingSphereOverride: {x: 0, y: 0, z: 0, w: 0}
  m_UseBoundingSphereOverride: 0
  m_UseViewFrustumForShadowCasterCull: 1
  m_ShadowRadius: 0
  m_ShadowAngle: 0
--- !u!1 &6802272316810761337
GameObject:
  m_ObjectHideFlags: 0
  m_CorrespondingSourceObject: {fileID: 0}
  m_PrefabInstance: {fileID: 0}
  m_PrefabAsset: {fileID: 0}
  serializedVersion: 6
  m_Component:
  - component: {fileID: 6802272316810922073}
  - component: {fileID: 5777937120156655618}
  - component: {fileID: 1161765237}
  m_Layer: 0
  m_Name: Office_2-Way_Offices
  m_TagString: Untagged
  m_Icon: {fileID: 0}
  m_NavMeshLayer: 0
  m_StaticEditorFlags: 0
  m_IsActive: 1
--- !u!4 &6802272316810922073
Transform:
  m_ObjectHideFlags: 0
  m_CorrespondingSourceObject: {fileID: 0}
  m_PrefabInstance: {fileID: 0}
  m_PrefabAsset: {fileID: 0}
  m_GameObject: {fileID: 6802272316810761337}
  serializedVersion: 2
  m_LocalRotation: {x: 0, y: 0, z: 0, w: 1}
  m_LocalPosition: {x: 0, y: 0, z: 0}
  m_LocalScale: {x: 1, y: 1, z: 1}
  m_ConstrainProportionsScale: 0
  m_Children:
  - {fileID: 6927316402261408530}
  - {fileID: 3541284376741799985}
  - {fileID: 8297357691885021066}
  - {fileID: 3826686285754542840}
  - {fileID: 983262958}
  - {fileID: 1106377638}
  - {fileID: 9130189859865076039}
  m_Father: {fileID: 0}
  m_LocalEulerAnglesHint: {x: 0, y: 0, z: 0}
--- !u!114 &5777937120156655618
MonoBehaviour:
  m_ObjectHideFlags: 0
  m_CorrespondingSourceObject: {fileID: 0}
  m_PrefabInstance: {fileID: 0}
  m_PrefabAsset: {fileID: 0}
  m_GameObject: {fileID: 6802272316810761337}
  m_Enabled: 1
  m_EditorHideFlags: 0
  m_Script: {fileID: 11500000, guid: 8d9f07e349283d0419aa34d36023dc38, type: 3}
  m_Name: 
  m_EditorClassIdentifier: 
  Room: {fileID: 6802272316810761339}
  Lights: {fileID: 7973006424722618266}
  Probes: {fileID: 711013064060310554}
  cutsceneReferences: []
  spawn: {fileID: 0}
--- !u!114 &1161765237
MonoBehaviour:
  m_ObjectHideFlags: 0
  m_CorrespondingSourceObject: {fileID: 0}
  m_PrefabInstance: {fileID: 0}
  m_PrefabAsset: {fileID: 0}
  m_GameObject: {fileID: 6802272316810761337}
  m_Enabled: 1
  m_EditorHideFlags: 0
  m_Script: {fileID: 11500000, guid: 6215951d905737c4bb517c7925091a74, type: 3}
  m_Name: 
  m_EditorClassIdentifier: 
  table:
  - items:
    - Spawn: {fileID: 11400000, guid: 78ec81dc40387ff4985f8cfb9eab099c, type: 2}
      Rate: 100
  - items:
    - Spawn: {fileID: 11400000, guid: ffe1f7833f0529143a41d7831537ffc2, type: 2}
      Rate: 100
  positions:
  - {fileID: 983262958}
  - {fileID: 1106377638}
--- !u!1 &6802272316810761339
GameObject:
  m_ObjectHideFlags: 0
  m_CorrespondingSourceObject: {fileID: 0}
  m_PrefabInstance: {fileID: 0}
  m_PrefabAsset: {fileID: 0}
  serializedVersion: 6
  m_Component:
  - component: {fileID: 6802272316810922075}
  - component: {fileID: 6802272316807530619}
  - component: {fileID: 6802272316808497851}
  - component: {fileID: 3522160112709902964}
  m_Layer: 10
  m_Name: default
  m_TagString: Untagged
  m_Icon: {fileID: 0}
  m_NavMeshLayer: 0
  m_StaticEditorFlags: 40
  m_IsActive: 1
--- !u!4 &6802272316810922075
Transform:
  m_ObjectHideFlags: 0
  m_CorrespondingSourceObject: {fileID: 0}
  m_PrefabInstance: {fileID: 0}
  m_PrefabAsset: {fileID: 0}
  m_GameObject: {fileID: 6802272316810761339}
  serializedVersion: 2
  m_LocalRotation: {x: -0, y: -0, z: -0, w: 1}
  m_LocalPosition: {x: 0, y: 0, z: 0}
  m_LocalScale: {x: 0.75, y: 0.75, z: 0.75}
  m_ConstrainProportionsScale: 0
  m_Children:
  - {fileID: 8112177900878209667}
  m_Father: {fileID: 6927316402261408530}
  m_LocalEulerAnglesHint: {x: 0, y: 0, z: 0}
--- !u!33 &6802272316807530619
MeshFilter:
  m_ObjectHideFlags: 0
  m_CorrespondingSourceObject: {fileID: 0}
  m_PrefabInstance: {fileID: 0}
  m_PrefabAsset: {fileID: 0}
  m_GameObject: {fileID: 6802272316810761339}
  m_Mesh: {fileID: 4300000, guid: 28bc9972893bbb641b7f0b5e825cb8b5, type: 3}
--- !u!23 &6802272316808497851
MeshRenderer:
  m_ObjectHideFlags: 0
  m_CorrespondingSourceObject: {fileID: 0}
  m_PrefabInstance: {fileID: 0}
  m_PrefabAsset: {fileID: 0}
  m_GameObject: {fileID: 6802272316810761339}
  m_Enabled: 1
  m_CastShadows: 1
  m_ReceiveShadows: 1
  m_DynamicOccludee: 1
  m_StaticShadowCaster: 0
  m_MotionVectors: 1
  m_LightProbeUsage: 1
  m_ReflectionProbeUsage: 1
  m_RayTracingMode: 2
  m_RayTraceProcedural: 0
  m_RenderingLayerMask: 1
  m_RendererPriority: 0
  m_Materials:
  - {fileID: 2100000, guid: 7b6269bde3ce71f44bbb88849d4f2a3e, type: 2}
  - {fileID: 2100000, guid: 3650ffaaf5bd6074882d4635fababb84, type: 2}
  - {fileID: 2100000, guid: aabb3e1c0fb181b45bf28f093648a5dc, type: 2}
  - {fileID: 2100000, guid: 97beeec20f524664c9832c911888889e, type: 2}
  - {fileID: 2100000, guid: 2f755c7731f91544cb44ac9e164680c9, type: 2}
  - {fileID: 2100000, guid: 403350d7bf8ab6f4ba11314f64027272, type: 2}
  - {fileID: 2100000, guid: b3989d814692c754ca2522036ff6f35e, type: 2}
  - {fileID: 2100000, guid: 9e0f01c2ebabb1947802b554cf479ba2, type: 2}
  - {fileID: 2100000, guid: 75ecd6509cc4f4b46b8079e7a87010fb, type: 2}
  - {fileID: 2100000, guid: 1d2181fd871f9954ab9fc95e462dafc4, type: 2}
  - {fileID: 2100000, guid: c593b65254059d040a57ffc9cb795815, type: 2}
  - {fileID: 2100000, guid: 787e92e4705ac2f4185bc49761d3f5d8, type: 2}
  - {fileID: 2100000, guid: e4947c11162ecbf44adca4ebe6edb0c3, type: 2}
  - {fileID: 2100000, guid: 2b6a701188708634da4c9863cab0a92f, type: 2}
  - {fileID: 2100000, guid: 9b1c2c55fec42b14f8fb2cb639a0c20e, type: 2}
  m_StaticBatchInfo:
    firstSubMesh: 0
    subMeshCount: 0
  m_StaticBatchRoot: {fileID: 0}
  m_ProbeAnchor: {fileID: 0}
  m_LightProbeVolumeOverride: {fileID: 0}
  m_ScaleInLightmap: 1
  m_ReceiveGI: 1
  m_PreserveUVs: 0
  m_IgnoreNormalsForChartDetection: 0
  m_ImportantGI: 0
  m_StitchLightmapSeams: 0
  m_SelectedEditorRenderState: 3
  m_MinimumChartSize: 4
  m_AutoUVMaxDistance: 0.5
  m_AutoUVMaxAngle: 89
  m_LightmapParameters: {fileID: 0}
  m_SortingLayerID: 0
  m_SortingLayer: 0
  m_SortingOrder: 0
  m_AdditionalVertexStreams: {fileID: 0}
--- !u!64 &3522160112709902964
MeshCollider:
  m_ObjectHideFlags: 0
  m_CorrespondingSourceObject: {fileID: 0}
  m_PrefabInstance: {fileID: 0}
  m_PrefabAsset: {fileID: 0}
  m_GameObject: {fileID: 6802272316810761339}
  m_Material: {fileID: 0}
  m_IncludeLayers:
    serializedVersion: 2
    m_Bits: 0
  m_ExcludeLayers:
    serializedVersion: 2
    m_Bits: 0
  m_LayerOverridePriority: 0
  m_IsTrigger: 0
  m_ProvidesContacts: 0
  m_Enabled: 1
  serializedVersion: 5
  m_Convex: 0
  m_CookingOptions: 30
  m_Mesh: {fileID: 4300000, guid: 28bc9972893bbb641b7f0b5e825cb8b5, type: 3}
--- !u!1 &6802272317069481587
GameObject:
  m_ObjectHideFlags: 0
  m_CorrespondingSourceObject: {fileID: 0}
  m_PrefabInstance: {fileID: 0}
  m_PrefabAsset: {fileID: 0}
  serializedVersion: 6
  m_Component:
  - component: {fileID: 6802272317069481585}
  - component: {fileID: 6802272317069481586}
  m_Layer: 0
  m_Name: Point Light (2)
  m_TagString: Untagged
  m_Icon: {fileID: 0}
  m_NavMeshLayer: 0
  m_StaticEditorFlags: 0
  m_IsActive: 1
--- !u!4 &6802272317069481585
Transform:
  m_ObjectHideFlags: 0
  m_CorrespondingSourceObject: {fileID: 0}
  m_PrefabInstance: {fileID: 0}
  m_PrefabAsset: {fileID: 0}
  m_GameObject: {fileID: 6802272317069481587}
  serializedVersion: 2
  m_LocalRotation: {x: -0, y: -0, z: -0, w: 1}
  m_LocalPosition: {x: 0.047000002, y: 3.4850001, z: -0.11}
  m_LocalScale: {x: 1, y: 1, z: 1}
  m_ConstrainProportionsScale: 0
  m_Children: []
  m_Father: {fileID: 3541284376741799985}
  m_LocalEulerAnglesHint: {x: 0, y: 0, z: 0}
--- !u!108 &6802272317069481586
Light:
  m_ObjectHideFlags: 0
  m_CorrespondingSourceObject: {fileID: 0}
  m_PrefabInstance: {fileID: 0}
  m_PrefabAsset: {fileID: 0}
  m_GameObject: {fileID: 6802272317069481587}
  m_Enabled: 1
  serializedVersion: 10
  m_Type: 2
  m_Shape: 0
  m_Color: {r: 1, g: 1, b: 1, a: 1}
  m_Intensity: 0.7
  m_Range: 5.2729096
  m_SpotAngle: 30
  m_InnerSpotAngle: 21.80208
  m_CookieSize: 10
  m_Shadows:
    m_Type: 0
    m_Resolution: -1
    m_CustomResolution: -1
    m_Strength: 1
    m_Bias: 0.05
    m_NormalBias: 0.4
    m_NearPlane: 0.2
    m_CullingMatrixOverride:
      e00: 1
      e01: 0
      e02: 0
      e03: 0
      e10: 0
      e11: 1
      e12: 0
      e13: 0
      e20: 0
      e21: 0
      e22: 1
      e23: 0
      e30: 0
      e31: 0
      e32: 0
      e33: 1
    m_UseCullingMatrixOverride: 0
  m_Cookie: {fileID: 0}
  m_DrawHalo: 0
  m_Flare: {fileID: 12100000, guid: 055403e8b723c494a9d89d3e0a8d5da7, type: 2}
  m_RenderMode: 2
  m_CullingMask:
    serializedVersion: 2
    m_Bits: 4294967295
  m_RenderingLayerMask: 1
  m_Lightmapping: 1
  m_LightShadowCasterMode: 0
  m_AreaSize: {x: 1, y: 1}
  m_BounceIntensity: 1
  m_ColorTemperature: 6570
  m_UseColorTemperature: 0
  m_BoundingSphereOverride: {x: 0, y: 0, z: 0, w: 0}
  m_UseBoundingSphereOverride: 0
  m_UseViewFrustumForShadowCasterCull: 1
  m_ShadowRadius: 0
  m_ShadowAngle: 0
--- !u!1 &6802272317101766883
GameObject:
  m_ObjectHideFlags: 0
  m_CorrespondingSourceObject: {fileID: 0}
  m_PrefabInstance: {fileID: 0}
  m_PrefabAsset: {fileID: 0}
  serializedVersion: 6
  m_Component:
  - component: {fileID: 6802272317101766881}
  - component: {fileID: 6802272317101766882}
  m_Layer: 0
  m_Name: Point Light (4)
  m_TagString: Untagged
  m_Icon: {fileID: 0}
  m_NavMeshLayer: 0
  m_StaticEditorFlags: 0
  m_IsActive: 1
--- !u!4 &6802272317101766881
Transform:
  m_ObjectHideFlags: 0
  m_CorrespondingSourceObject: {fileID: 0}
  m_PrefabInstance: {fileID: 0}
  m_PrefabAsset: {fileID: 0}
  m_GameObject: {fileID: 6802272317101766883}
  serializedVersion: 2
  m_LocalRotation: {x: -0, y: -0, z: -0, w: 1}
  m_LocalPosition: {x: -7.1850004, y: 3.5230002, z: -4.83}
  m_LocalScale: {x: 1, y: 1, z: 1}
  m_ConstrainProportionsScale: 0
  m_Children: []
  m_Father: {fileID: 3541284376741799985}
  m_LocalEulerAnglesHint: {x: 0, y: 0, z: 0}
--- !u!108 &6802272317101766882
Light:
  m_ObjectHideFlags: 0
  m_CorrespondingSourceObject: {fileID: 0}
  m_PrefabInstance: {fileID: 0}
  m_PrefabAsset: {fileID: 0}
  m_GameObject: {fileID: 6802272317101766883}
  m_Enabled: 1
  serializedVersion: 10
  m_Type: 2
  m_Shape: 0
  m_Color: {r: 1, g: 1, b: 1, a: 1}
  m_Intensity: 1.4
  m_Range: 4.634784
  m_SpotAngle: 30
  m_InnerSpotAngle: 21.80208
  m_CookieSize: 10
  m_Shadows:
    m_Type: 1
    m_Resolution: -1
    m_CustomResolution: -1
    m_Strength: 0.36
    m_Bias: 0.05
    m_NormalBias: 0.4
    m_NearPlane: 0.2
    m_CullingMatrixOverride:
      e00: 1
      e01: 0
      e02: 0
      e03: 0
      e10: 0
      e11: 1
      e12: 0
      e13: 0
      e20: 0
      e21: 0
      e22: 1
      e23: 0
      e30: 0
      e31: 0
      e32: 0
      e33: 1
    m_UseCullingMatrixOverride: 0
  m_Cookie: {fileID: 0}
  m_DrawHalo: 0
  m_Flare: {fileID: 0}
  m_RenderMode: 2
  m_CullingMask:
    serializedVersion: 2
    m_Bits: 4294967295
  m_RenderingLayerMask: 1
  m_Lightmapping: 4
  m_LightShadowCasterMode: 0
  m_AreaSize: {x: 1, y: 1}
  m_BounceIntensity: 1
  m_ColorTemperature: 6570
  m_UseColorTemperature: 0
  m_BoundingSphereOverride: {x: 0, y: 0, z: 0, w: 0}
  m_UseBoundingSphereOverride: 0
  m_UseViewFrustumForShadowCasterCull: 1
  m_ShadowRadius: 0
  m_ShadowAngle: 0
--- !u!1 &6802272317123029145
GameObject:
  m_ObjectHideFlags: 0
  m_CorrespondingSourceObject: {fileID: 0}
  m_PrefabInstance: {fileID: 0}
  m_PrefabAsset: {fileID: 0}
  serializedVersion: 6
  m_Component:
  - component: {fileID: 6802272317123029143}
  - component: {fileID: 6802272317123029144}
  m_Layer: 0
  m_Name: Spot Light
  m_TagString: Untagged
  m_Icon: {fileID: 0}
  m_NavMeshLayer: 0
  m_StaticEditorFlags: 0
  m_IsActive: 1
--- !u!4 &6802272317123029143
Transform:
  m_ObjectHideFlags: 0
  m_CorrespondingSourceObject: {fileID: 0}
  m_PrefabInstance: {fileID: 0}
  m_PrefabAsset: {fileID: 0}
  m_GameObject: {fileID: 6802272317123029145}
  serializedVersion: 2
  m_LocalRotation: {x: 0.8583771, y: 0.015436206, z: -0.37242225, w: 0.35249436}
  m_LocalPosition: {x: -7.2060003, y: 2.1600003, z: -4.234}
  m_LocalScale: {x: 1, y: 1, z: 1}
  m_ConstrainProportionsScale: 0
  m_Children: []
  m_Father: {fileID: 3541284376741799985}
  m_LocalEulerAnglesHint: {x: 141.929, y: 52.969994, z: 17.447998}
--- !u!108 &6802272317123029144
Light:
  m_ObjectHideFlags: 0
  m_CorrespondingSourceObject: {fileID: 0}
  m_PrefabInstance: {fileID: 0}
  m_PrefabAsset: {fileID: 0}
  m_GameObject: {fileID: 6802272317123029145}
  m_Enabled: 1
  serializedVersion: 10
  m_Type: 0
  m_Shape: 0
  m_Color: {r: 1, g: 1, b: 1, a: 1}
  m_Intensity: 1
  m_Range: 8.0967245
  m_SpotAngle: 34.03547
  m_InnerSpotAngle: 24.81344
  m_CookieSize: 10
  m_Shadows:
    m_Type: 0
    m_Resolution: -1
    m_CustomResolution: -1
    m_Strength: 1
    m_Bias: 0.05
    m_NormalBias: 0.4
    m_NearPlane: 0.2
    m_CullingMatrixOverride:
      e00: 1
      e01: 0
      e02: 0
      e03: 0
      e10: 0
      e11: 1
      e12: 0
      e13: 0
      e20: 0
      e21: 0
      e22: 1
      e23: 0
      e30: 0
      e31: 0
      e32: 0
      e33: 1
    m_UseCullingMatrixOverride: 0
  m_Cookie: {fileID: 0}
  m_DrawHalo: 0
  m_Flare: {fileID: 0}
  m_RenderMode: 2
  m_CullingMask:
    serializedVersion: 2
    m_Bits: 4294967295
  m_RenderingLayerMask: 1
  m_Lightmapping: 4
  m_LightShadowCasterMode: 0
  m_AreaSize: {x: 1, y: 1}
  m_BounceIntensity: 1
  m_ColorTemperature: 6570
  m_UseColorTemperature: 0
  m_BoundingSphereOverride: {x: 0, y: 0, z: 0, w: 0}
  m_UseBoundingSphereOverride: 0
  m_UseViewFrustumForShadowCasterCull: 1
  m_ShadowRadius: 0
  m_ShadowAngle: 0
--- !u!1 &7973006424722618266
GameObject:
  m_ObjectHideFlags: 0
  m_CorrespondingSourceObject: {fileID: 0}
  m_PrefabInstance: {fileID: 0}
  m_PrefabAsset: {fileID: 0}
  serializedVersion: 6
  m_Component:
  - component: {fileID: 3541284376741799985}
  m_Layer: 0
  m_Name: LightContainer
  m_TagString: Untagged
  m_Icon: {fileID: 0}
  m_NavMeshLayer: 0
  m_StaticEditorFlags: 0
  m_IsActive: 0
--- !u!4 &3541284376741799985
Transform:
  m_ObjectHideFlags: 0
  m_CorrespondingSourceObject: {fileID: 0}
  m_PrefabInstance: {fileID: 0}
  m_PrefabAsset: {fileID: 0}
  m_GameObject: {fileID: 7973006424722618266}
  serializedVersion: 2
  m_LocalRotation: {x: -0, y: -0, z: -0, w: 1}
  m_LocalPosition: {x: 0, y: 0, z: 0}
  m_LocalScale: {x: 0.75, y: 0.75, z: 0.75}
  m_ConstrainProportionsScale: 0
  m_Children:
  - {fileID: 6802272315635021445}
  - {fileID: 6802272316170356601}
  - {fileID: 6802272317069481585}
  - {fileID: 6802272316480692710}
  - {fileID: 6802272317101766881}
  - {fileID: 6802272317123029143}
  m_Father: {fileID: 6802272316810922073}
  m_LocalEulerAnglesHint: {x: 0, y: 0, z: 0}
--- !u!1 &8502073936979138741
GameObject:
  m_ObjectHideFlags: 0
  m_CorrespondingSourceObject: {fileID: 0}
  m_PrefabInstance: {fileID: 0}
  m_PrefabAsset: {fileID: 0}
  serializedVersion: 6
  m_Component:
  - component: {fileID: 6927316402261408530}
  - component: {fileID: 2674398922356031872}
  m_Layer: 0
  m_Name: NavMesh Surface
  m_TagString: Untagged
  m_Icon: {fileID: 0}
  m_NavMeshLayer: 0
  m_StaticEditorFlags: 0
  m_IsActive: 1
--- !u!4 &6927316402261408530
Transform:
  m_ObjectHideFlags: 0
  m_CorrespondingSourceObject: {fileID: 0}
  m_PrefabInstance: {fileID: 0}
  m_PrefabAsset: {fileID: 0}
  m_GameObject: {fileID: 8502073936979138741}
  serializedVersion: 2
  m_LocalRotation: {x: 0, y: 0, z: 0, w: 1}
  m_LocalPosition: {x: 0, y: 0, z: 0}
  m_LocalScale: {x: 1, y: 1, z: 1}
  m_ConstrainProportionsScale: 0
  m_Children:
  - {fileID: 6802272316810922075}
  m_Father: {fileID: 6802272316810922073}
  m_LocalEulerAnglesHint: {x: 0, y: 0, z: 0}
--- !u!114 &2674398922356031872
MonoBehaviour:
  m_ObjectHideFlags: 0
  m_CorrespondingSourceObject: {fileID: 0}
  m_PrefabInstance: {fileID: 0}
  m_PrefabAsset: {fileID: 0}
  m_GameObject: {fileID: 8502073936979138741}
  m_Enabled: 1
  m_EditorHideFlags: 0
  m_Script: {fileID: 11500000, guid: 7a5ac11cc976e418e8d13136b07e1f52, type: 3}
  m_Name: 
  m_EditorClassIdentifier: 
  m_AgentTypeID: 0
  m_CollectObjects: 2
  m_Size: {x: 10, y: 10, z: 10}
  m_Center: {x: 0, y: 2, z: 0}
  m_LayerMask:
    serializedVersion: 2
    m_Bits: 4294967295
  m_UseGeometry: 1
  m_DefaultArea: 0
  m_GenerateLinks: 0
  m_IgnoreNavMeshAgent: 1
  m_IgnoreNavMeshObstacle: 1
  m_OverrideTileSize: 0
  m_TileSize: 256
  m_OverrideVoxelSize: 0
  m_VoxelSize: 0.13333334
  m_MinRegionArea: 2
  m_NavMeshData: {fileID: 23800000, guid: 36af3723fc1446b4aa1160420c1e7fad, type: 2}
  m_BuildHeightMesh: 0
--- !u!1 &9131720170508251669
GameObject:
  m_ObjectHideFlags: 0
  m_CorrespondingSourceObject: {fileID: 0}
  m_PrefabInstance: {fileID: 0}
  m_PrefabAsset: {fileID: 0}
  serializedVersion: 6
  m_Component:
  - component: {fileID: 3826686285754542840}
  m_Layer: 0
  m_Name: Props
  m_TagString: Untagged
  m_Icon: {fileID: 0}
  m_NavMeshLayer: 0
  m_StaticEditorFlags: 0
  m_IsActive: 1
--- !u!4 &3826686285754542840
Transform:
  m_ObjectHideFlags: 0
  m_CorrespondingSourceObject: {fileID: 0}
  m_PrefabInstance: {fileID: 0}
  m_PrefabAsset: {fileID: 0}
  m_GameObject: {fileID: 9131720170508251669}
  serializedVersion: 2
  m_LocalRotation: {x: 0, y: 0, z: 0, w: 1}
  m_LocalPosition: {x: 0, y: 0, z: 0}
  m_LocalScale: {x: 1, y: 1, z: 1}
  m_ConstrainProportionsScale: 0
  m_Children:
  - {fileID: 4571106051960426192}
  - {fileID: 7920657730964216916}
  m_Father: {fileID: 6802272316810922073}
  m_LocalEulerAnglesHint: {x: 0, y: 0, z: 0}
--- !u!1001 &2021378173
PrefabInstance:
  m_ObjectHideFlags: 0
  serializedVersion: 2
  m_Modification:
    serializedVersion: 3
    m_TransformParent: {fileID: 6802272316810922073}
    m_Modifications:
    - target: {fileID: 100476260248226419, guid: c81a1eada14e6f04696677f14d634802,
        type: 3}
      propertyPath: screen
      value: 
      objectReference: {fileID: 21300000, guid: 8fd861addb890fa419af553e4ae40559,
        type: 3}
    - target: {fileID: 7525384045971086366, guid: c81a1eada14e6f04696677f14d634802,
        type: 3}
      propertyPath: m_Name
      value: ReadableScreen
      objectReference: {fileID: 0}
    - target: {fileID: 9130189859734579514, guid: c81a1eada14e6f04696677f14d634802,
        type: 3}
      propertyPath: m_RootOrder
      value: 6
      objectReference: {fileID: 0}
    - target: {fileID: 9130189859734579514, guid: c81a1eada14e6f04696677f14d634802,
        type: 3}
      propertyPath: m_LocalPosition.x
      value: -1.9275
      objectReference: {fileID: 0}
    - target: {fileID: 9130189859734579514, guid: c81a1eada14e6f04696677f14d634802,
        type: 3}
      propertyPath: m_LocalPosition.y
      value: 2.1792617
      objectReference: {fileID: 0}
    - target: {fileID: 9130189859734579514, guid: c81a1eada14e6f04696677f14d634802,
        type: 3}
      propertyPath: m_LocalPosition.z
      value: -4.91273
      objectReference: {fileID: 0}
    - target: {fileID: 9130189859734579514, guid: c81a1eada14e6f04696677f14d634802,
        type: 3}
      propertyPath: m_LocalRotation.w
      value: 0.7071068
      objectReference: {fileID: 0}
    - target: {fileID: 9130189859734579514, guid: c81a1eada14e6f04696677f14d634802,
        type: 3}
      propertyPath: m_LocalRotation.x
      value: -0
      objectReference: {fileID: 0}
    - target: {fileID: 9130189859734579514, guid: c81a1eada14e6f04696677f14d634802,
        type: 3}
      propertyPath: m_LocalRotation.y
      value: 0.7071068
      objectReference: {fileID: 0}
    - target: {fileID: 9130189859734579514, guid: c81a1eada14e6f04696677f14d634802,
        type: 3}
      propertyPath: m_LocalRotation.z
      value: -0
      objectReference: {fileID: 0}
    - target: {fileID: 9130189859734579514, guid: c81a1eada14e6f04696677f14d634802,
        type: 3}
      propertyPath: m_LocalEulerAnglesHint.x
      value: 0
      objectReference: {fileID: 0}
    - target: {fileID: 9130189859734579514, guid: c81a1eada14e6f04696677f14d634802,
        type: 3}
      propertyPath: m_LocalEulerAnglesHint.y
      value: 90
      objectReference: {fileID: 0}
    - target: {fileID: 9130189859734579514, guid: c81a1eada14e6f04696677f14d634802,
        type: 3}
      propertyPath: m_LocalEulerAnglesHint.z
      value: 0
      objectReference: {fileID: 0}
    m_RemovedComponents: []
    m_RemovedGameObjects: []
    m_AddedGameObjects: []
    m_AddedComponents: []
  m_SourcePrefab: {fileID: 100100000, guid: c81a1eada14e6f04696677f14d634802, type: 3}
--- !u!4 &9130189859865076039 stripped
Transform:
  m_CorrespondingSourceObject: {fileID: 9130189859734579514, guid: c81a1eada14e6f04696677f14d634802,
    type: 3}
  m_PrefabInstance: {fileID: 2021378173}
  m_PrefabAsset: {fileID: 0}
--- !u!1001 &3745319935851612055
PrefabInstance:
  m_ObjectHideFlags: 0
  serializedVersion: 2
  m_Modification:
    serializedVersion: 3
    m_TransformParent: {fileID: 3826686285754542840}
    m_Modifications:
    - target: {fileID: 906868527961639239, guid: f26c9517a5ae4be4e9908eb56be865e6,
        type: 3}
      propertyPath: m_RootOrder
      value: 0
      objectReference: {fileID: 0}
    - target: {fileID: 906868527961639239, guid: f26c9517a5ae4be4e9908eb56be865e6,
        type: 3}
      propertyPath: m_LocalPosition.x
      value: -1.792
      objectReference: {fileID: 0}
    - target: {fileID: 906868527961639239, guid: f26c9517a5ae4be4e9908eb56be865e6,
        type: 3}
      propertyPath: m_LocalPosition.y
      value: 0
      objectReference: {fileID: 0}
    - target: {fileID: 906868527961639239, guid: f26c9517a5ae4be4e9908eb56be865e6,
        type: 3}
      propertyPath: m_LocalPosition.z
      value: -3.362
      objectReference: {fileID: 0}
    - target: {fileID: 906868527961639239, guid: f26c9517a5ae4be4e9908eb56be865e6,
        type: 3}
      propertyPath: m_LocalRotation.w
      value: 0.7071068
      objectReference: {fileID: 0}
    - target: {fileID: 906868527961639239, guid: f26c9517a5ae4be4e9908eb56be865e6,
        type: 3}
      propertyPath: m_LocalRotation.x
      value: -0
      objectReference: {fileID: 0}
    - target: {fileID: 906868527961639239, guid: f26c9517a5ae4be4e9908eb56be865e6,
        type: 3}
      propertyPath: m_LocalRotation.y
      value: 0.7071068
      objectReference: {fileID: 0}
    - target: {fileID: 906868527961639239, guid: f26c9517a5ae4be4e9908eb56be865e6,
        type: 3}
      propertyPath: m_LocalRotation.z
      value: -0
      objectReference: {fileID: 0}
    - target: {fileID: 906868527961639239, guid: f26c9517a5ae4be4e9908eb56be865e6,
        type: 3}
      propertyPath: m_LocalEulerAnglesHint.x
      value: 0
      objectReference: {fileID: 0}
    - target: {fileID: 906868527961639239, guid: f26c9517a5ae4be4e9908eb56be865e6,
        type: 3}
      propertyPath: m_LocalEulerAnglesHint.y
      value: 90
      objectReference: {fileID: 0}
    - target: {fileID: 906868527961639239, guid: f26c9517a5ae4be4e9908eb56be865e6,
        type: 3}
      propertyPath: m_LocalEulerAnglesHint.z
      value: 0
      objectReference: {fileID: 0}
    - target: {fileID: 2139758126027889918, guid: f26c9517a5ae4be4e9908eb56be865e6,
        type: 3}
      propertyPath: m_IsActive
      value: 1
      objectReference: {fileID: 0}
    - target: {fileID: 3990202844814750579, guid: f26c9517a5ae4be4e9908eb56be865e6,
        type: 3}
      propertyPath: m_Name
      value: LightDoor_Code
      objectReference: {fileID: 0}
    - target: {fileID: 4088680170682007837, guid: f26c9517a5ae4be4e9908eb56be865e6,
        type: 3}
      propertyPath: fromGlobal
      value: 1
      objectReference: {fileID: 0}
    - target: {fileID: 4088680170682007837, guid: f26c9517a5ae4be4e9908eb56be865e6,
        type: 3}
      propertyPath: globalIndex
      value: 1
      objectReference: {fileID: 0}
    - target: {fileID: 6487003744983542169, guid: f26c9517a5ae4be4e9908eb56be865e6,
        type: 3}
      propertyPath: m_LocalPosition.z
      value: -0.226
      objectReference: {fileID: 0}
    - target: {fileID: 6487003745604595711, guid: f26c9517a5ae4be4e9908eb56be865e6,
        type: 3}
      propertyPath: m_LocalPosition.z
      value: 0.274
      objectReference: {fileID: 0}
    - target: {fileID: 8496230295791901165, guid: f26c9517a5ae4be4e9908eb56be865e6,
        type: 3}
      propertyPath: fromGlobal
      value: 1
      objectReference: {fileID: 0}
    - target: {fileID: 8496230295791901165, guid: f26c9517a5ae4be4e9908eb56be865e6,
        type: 3}
      propertyPath: globalIndex
      value: 1
      objectReference: {fileID: 0}
    - target: {fileID: 8898180539943055459, guid: f26c9517a5ae4be4e9908eb56be865e6,
        type: 3}
      propertyPath: m_IsActive
      value: 0
      objectReference: {fileID: 0}
    - target: {fileID: 9180763631332436010, guid: f26c9517a5ae4be4e9908eb56be865e6,
        type: 3}
      propertyPath: m_IsActive
      value: 0
      objectReference: {fileID: 0}
    m_RemovedComponents: []
    m_RemovedGameObjects: []
    m_AddedGameObjects: []
    m_AddedComponents: []
  m_SourcePrefab: {fileID: 100100000, guid: f26c9517a5ae4be4e9908eb56be865e6, type: 3}
--- !u!4 &4571106051960426192 stripped
Transform:
  m_CorrespondingSourceObject: {fileID: 906868527961639239, guid: f26c9517a5ae4be4e9908eb56be865e6,
    type: 3}
  m_PrefabInstance: {fileID: 3745319935851612055}
  m_PrefabAsset: {fileID: 0}
--- !u!1001 &4360240832997766868
PrefabInstance:
  m_ObjectHideFlags: 0
  serializedVersion: 2
  m_Modification:
    serializedVersion: 3
    m_TransformParent: {fileID: 3826686285754542840}
    m_Modifications:
    - target: {fileID: 5866356131641617024, guid: e975ec10717902d498e734f0817b70d3,
        type: 3}
      propertyPath: m_RootOrder
      value: 1
      objectReference: {fileID: 0}
    - target: {fileID: 5866356131641617024, guid: e975ec10717902d498e734f0817b70d3,
        type: 3}
      propertyPath: m_LocalPosition.x
      value: -1.7925
      objectReference: {fileID: 0}
    - target: {fileID: 5866356131641617024, guid: e975ec10717902d498e734f0817b70d3,
        type: 3}
      propertyPath: m_LocalPosition.y
      value: 0
      objectReference: {fileID: 0}
    - target: {fileID: 5866356131641617024, guid: e975ec10717902d498e734f0817b70d3,
        type: 3}
      propertyPath: m_LocalPosition.z
      value: 4.317
      objectReference: {fileID: 0}
    - target: {fileID: 5866356131641617024, guid: e975ec10717902d498e734f0817b70d3,
        type: 3}
      propertyPath: m_LocalRotation.w
      value: 0.7071068
      objectReference: {fileID: 0}
    - target: {fileID: 5866356131641617024, guid: e975ec10717902d498e734f0817b70d3,
        type: 3}
      propertyPath: m_LocalRotation.x
      value: -0
      objectReference: {fileID: 0}
    - target: {fileID: 5866356131641617024, guid: e975ec10717902d498e734f0817b70d3,
        type: 3}
      propertyPath: m_LocalRotation.y
      value: 0.7071068
      objectReference: {fileID: 0}
    - target: {fileID: 5866356131641617024, guid: e975ec10717902d498e734f0817b70d3,
        type: 3}
      propertyPath: m_LocalRotation.z
      value: -0
      objectReference: {fileID: 0}
    - target: {fileID: 5866356131641617024, guid: e975ec10717902d498e734f0817b70d3,
        type: 3}
      propertyPath: m_LocalEulerAnglesHint.x
      value: 0
      objectReference: {fileID: 0}
    - target: {fileID: 5866356131641617024, guid: e975ec10717902d498e734f0817b70d3,
        type: 3}
      propertyPath: m_LocalEulerAnglesHint.y
      value: 90
      objectReference: {fileID: 0}
    - target: {fileID: 5866356131641617024, guid: e975ec10717902d498e734f0817b70d3,
        type: 3}
      propertyPath: m_LocalEulerAnglesHint.z
      value: 0
      objectReference: {fileID: 0}
    - target: {fileID: 7682208121852514484, guid: e975ec10717902d498e734f0817b70d3,
        type: 3}
      propertyPath: m_Name
      value: LightDoor_def (1)
      objectReference: {fileID: 0}
    m_RemovedComponents: []
    m_RemovedGameObjects: []
    m_AddedGameObjects: []
    m_AddedComponents: []
  m_SourcePrefab: {fileID: 100100000, guid: e975ec10717902d498e734f0817b70d3, type: 3}
--- !u!4 &7920657730964216916 stripped
Transform:
  m_CorrespondingSourceObject: {fileID: 5866356131641617024, guid: e975ec10717902d498e734f0817b70d3,
    type: 3}
  m_PrefabInstance: {fileID: 4360240832997766868}
  m_PrefabAsset: {fileID: 0}
--- !u!1001 &5660564249715015913
PrefabInstance:
  m_ObjectHideFlags: 0
  serializedVersion: 2
  m_Modification:
    serializedVersion: 3
    m_TransformParent: {fileID: 6802272316810922075}
    m_Modifications:
    - target: {fileID: 4474999009241768552, guid: 5a3fc441e9390a943bc914bafb1d9373,
        type: 3}
      propertyPath: m_Name
      value: LightDoor_Fake
      objectReference: {fileID: 0}
    - target: {fileID: 4474999009241768554, guid: 5a3fc441e9390a943bc914bafb1d9373,
        type: 3}
      propertyPath: m_RootOrder
      value: 0
      objectReference: {fileID: 0}
    - target: {fileID: 4474999009241768554, guid: 5a3fc441e9390a943bc914bafb1d9373,
        type: 3}
      propertyPath: m_LocalScale.x
      value: 1.3333334
      objectReference: {fileID: 0}
    - target: {fileID: 4474999009241768554, guid: 5a3fc441e9390a943bc914bafb1d9373,
        type: 3}
      propertyPath: m_LocalScale.y
      value: 1.3333334
      objectReference: {fileID: 0}
    - target: {fileID: 4474999009241768554, guid: 5a3fc441e9390a943bc914bafb1d9373,
        type: 3}
      propertyPath: m_LocalScale.z
      value: 1.3333334
      objectReference: {fileID: 0}
    - target: {fileID: 4474999009241768554, guid: 5a3fc441e9390a943bc914bafb1d9373,
        type: 3}
      propertyPath: m_LocalPosition.x
      value: 5.010667
      objectReference: {fileID: 0}
    - target: {fileID: 4474999009241768554, guid: 5a3fc441e9390a943bc914bafb1d9373,
        type: 3}
      propertyPath: m_LocalPosition.y
      value: 0
      objectReference: {fileID: 0}
    - target: {fileID: 4474999009241768554, guid: 5a3fc441e9390a943bc914bafb1d9373,
        type: 3}
      propertyPath: m_LocalPosition.z
      value: 0.0013333334
      objectReference: {fileID: 0}
    - target: {fileID: 4474999009241768554, guid: 5a3fc441e9390a943bc914bafb1d9373,
        type: 3}
      propertyPath: m_LocalRotation.w
      value: 0.7071068
      objectReference: {fileID: 0}
    - target: {fileID: 4474999009241768554, guid: 5a3fc441e9390a943bc914bafb1d9373,
        type: 3}
      propertyPath: m_LocalRotation.x
      value: -0
      objectReference: {fileID: 0}
    - target: {fileID: 4474999009241768554, guid: 5a3fc441e9390a943bc914bafb1d9373,
        type: 3}
      propertyPath: m_LocalRotation.y
      value: 0.7071068
      objectReference: {fileID: 0}
    - target: {fileID: 4474999009241768554, guid: 5a3fc441e9390a943bc914bafb1d9373,
        type: 3}
      propertyPath: m_LocalRotation.z
      value: -0
      objectReference: {fileID: 0}
    - target: {fileID: 4474999009241768554, guid: 5a3fc441e9390a943bc914bafb1d9373,
        type: 3}
      propertyPath: m_LocalEulerAnglesHint.x
      value: 0
      objectReference: {fileID: 0}
    - target: {fileID: 4474999009241768554, guid: 5a3fc441e9390a943bc914bafb1d9373,
        type: 3}
      propertyPath: m_LocalEulerAnglesHint.y
      value: 90
      objectReference: {fileID: 0}
    - target: {fileID: 4474999009241768554, guid: 5a3fc441e9390a943bc914bafb1d9373,
        type: 3}
      propertyPath: m_LocalEulerAnglesHint.z
      value: 0
      objectReference: {fileID: 0}
    m_RemovedComponents: []
    m_RemovedGameObjects: []
    m_AddedGameObjects: []
    m_AddedComponents: []
  m_SourcePrefab: {fileID: 100100000, guid: 5a3fc441e9390a943bc914bafb1d9373, type: 3}
--- !u!4 &8112177900878209667 stripped
Transform:
  m_CorrespondingSourceObject: {fileID: 4474999009241768554, guid: 5a3fc441e9390a943bc914bafb1d9373,
    type: 3}
  m_PrefabInstance: {fileID: 5660564249715015913}
  m_PrefabAsset: {fileID: 0}
